 Dungeon Crawl Stone Soup version 0.25-a0-589-g1e14c549ee (webtiles) character file.

Game seed: 18149931179273084634, levelgen mode: deterministic

202 Kohma the Ruffian (level 5, -1/53 HPs)
             Began as a Troll Fighter on Mar 10, 2020.
             Was an Initiate of Makhleb.
             Slain by Sigmund
             ... wielding a +0 scythe
              (8 damage)
             ... on level 3 of the Dungeon.
             The game lasted 00:05:07 (1666 turns).

Kohma the Ruffian (Troll Fighter)                   Turns: 1666, Time: 00:05:08

Health: -1/53      AC:  6    Str: 24    XL:     5   Next: 50%
Magic:  4/4        EV:  8    Int:  5    God:    Makhleb [......]
Gold:   211        SH:  0    Dex:  9    Spells: 4/4 levels left

rFire    . . .     SeeInvis .     - Unarmed
rCold    . . .     Gourm    +   b - +0 kite shield
rNeg     . . .     Faith    .   a - +0 robe
rPois    .         Spirit   .   (helmet restricted)
rElec    .         Reflect  .   (no cloak)
rCorr    .         Harm     .   (gloves unavailable)
MR       .....                  (boots unavailable)
Stlth    +.........             (no amulet)
HPRegen  0.57/turn              (no ring)
MPRegen  0.09/turn              (no ring)

@: confused, mighty
A: large, unfitting armour, claws 3, fast metabolism 3, gourmand, regeneration
1, shaggy fur 1, tough skin 3
a: Renounce Religion


You were on level 3 of the Dungeon.
You worshipped Makhleb.
Makhleb was noncommittal.
You were completely stuffed.

You visited 1 branch of the dungeon, and saw 4 of its levels.

You collected 211 gold pieces.

Inventory:

Armour
 a - a +0 robe (worn)
 b - a +0 kite shield (worn)
Jewellery
 r - an uncursed ring of protection from magic {unknown}
Scrolls
 e - 4 scrolls of teleportation {unknown}
 g - 3 scrolls of identify {unknown}
 i - 2 scrolls of fear {unknown}
 j - 2 scrolls of amnesia {unknown}
 o - a scroll of magic mapping {unknown}
 q - 2 scrolls of remove curse {unknown}
 s - a scroll of fog {unknown}
Potions
 c - 2 potions of might
 f - 2 potions of brilliance {unknown}
 h - 3 potions of flight {unknown}
 k - 4 potions of curing {unknown}
 l - 2 potions of mutation {unknown}
 m - 2 potions of heal wounds {unknown}
 n - a potion of degeneration {unknown}
Comestibles
 d - 8 rations
 p - 4 chunks of flesh


   Skills:
 + Level 3.1 Fighting
 - Level 3.0 Dodging
 * Level 3.5 Shields
 * Level 3.7 Unarmed Combat


You had 4 spell levels left.
You didn't know any spells.
Your spell library was empty.

Dungeon Overview and Level Annotations

Branches:
Dungeon (4/15)
 Temple: D:4-7

Altars:
Ashenzari
Cheibriados
Dithmenos
Gozag
Kikubaaqudgha
Makhleb
Okawaru
Ru
Sif Muna
Xom
Yredelemnul
The Shining One

Annotations:
D:3 Sigmund


Innate Abilities, Weirdness & Mutations

You are too large for most types of armour.
You have claws for hands.
Your metabolism is lightning-fast.
You like to eat raw meat.
Your natural rate of healing is unusually fast.
You are covered in fur. (AC +1)
You have extremely tough skin. (AC +3)


Message History

You claw something! You block something's attack.
You miss something. You miss something. Something hits you!
Some of the chunks of flesh in your inventory have rotted away.
You barely miss something. Something hits you.
You miss something. You scratch something. Something hits you!
* * * LOW HITPOINT WARNING * * *
You closely miss something. Something hits you.
* * * LOW HITPOINT WARNING * * *
You scratch something.
Okay, then.
You closely miss something. Something hits you but does no damage.
You barely miss something. You block something's attack.
You miss something. You closely miss something.
You hear some strange, mumbled words.
You are confused.
Something hits you!
You die...

#.. #................
... ##..>.#.##.......
#.#. #.......###......
#.#. #.#.............. #
#. #.#..#.#.##......
#.#.###................
#..............##......
#..............#.......
#....{@....#...........
#..[......##....###.....
##...........#.## ##..^#
.........(###..# #####
......$...# #.##
......(.#.# .#
........... #
.......#..##


There were no monsters in sight!

Vanquished Creatures
  A scorpion (D:3)
  A howler monkey (D:3)
  An iguana (D:4)
  3 adders
  2 worms
  3 dart slugs
  4 giant cockroaches
  7 goblins
  4 hobgoblins
  3 jackals (D:1)
  5 kobolds
  A quokka (D:3)
  9 bats
  4 frilled lizards
  8 rats
56 creatures vanquished.

Notes
Turn   | Place    | Note
-------+----------+-------------------------------------------
     0 | D:1      | Kohma the Troll Fighter began the quest for the Orb.
     0 | D:1      | Reached XP level 1. HP: 22/22 MP: 0/0
   203 | D:1      | Reached XP level 2. HP: 27/29 MP: 1/1
   602 | D:2      | Reached XP level 3. HP: 33/36 MP: 2/2
  1067 | D:2      | Found an opulent altar of Gozag.
  1252 | D:2      | Reached XP level 4. HP: 44/44 MP: 3/3
  1360 | D:3      | Found a shimmering blue altar of Sif Muna.
  1364 | D:3      | Found a shattered altar of Ashenzari.
  1390 | D:3      | Found an iron altar of Okawaru.
  1391 | D:3      | Found a burning altar of Makhleb.
  1391 | D:3      | Found a snail-covered altar of Cheibriados.
  1391 | D:3      | Found an ancient bone altar of Kikubaaqudgha.
  1391 | D:3      | Found a basalt altar of Yredelemnul.
  1392 | D:3      | Found a shadowy altar of Dithmenos.
  1393 | D:3      | Found a glowing golden altar of the Shining One.
  1395 | D:3      | Reached XP level 5. HP: 52/52 MP: 4/4
  1396 | D:3      | Found a shimmering altar of Xom.
  1398 | D:3      | Found a sacrificial altar of Ru.
  1403 | D:3      | Became a worshipper of Makhleb the Destroyer
  1530 | D:3      | You fall into a shaft and drop 1 floor!
  1641 | D:3      | Noticed Sigmund
  1666 | D:3      | Slain by Sigmund

Levels and vault maps discovered:
D:1:      dpeg_arrival_rooms_c, layout_basic, chequers_garden
D:2:      layout_loops_ring, nicolae_gozag_cash_rules_everything_around_me,
          first_ration
D:3:      layout_rooms, minitemple, uniq_sigmund
D:4:      layout_loops_ring

Skill      XL: |  1  2  3  4  5 |
---------------+----------------+-----
Shields        | 3 |  3.5
Unarmed Combat | 3 |  3.7
Fighting       | 3 |  3.1
Dodging        | 3 |  3.0

Action                   |  1- 3 |  4- 6 || total
-------------------------+-------+-------++-------
Melee: Unarmed           |   136 |    57 ||   193
  Use: Potion            |       |     1 ||     1
  Eat: Chunk             |    16 |     5 ||    21
Armor: Robe              |    56 |    11 ||    67
Dodge: Dodged            |    46 |    16 ||    62
Block: Kite shield       |    50 |    17 ||    67

Table legend:
 A = Non-vault XP
 B = Vault XP
 C = Vault XP percentage of total XP
 D = Non-vault monster count
 E = Vault monster count
 F = Vault count percentage of total count
                 A         B        C        D         E       F
            +---------+---------+-------+---------+---------+-------
      Total |     289 |       0 |   0.0 |      56 |       0 |   0.0
            +---------+---------+-------+---------+---------+-------
        D:1 |      39 |       0 |   0.0 |      23 |       0 |   0.0
        D:2 |      59 |       0 |   0.0 |      21 |       0 |   0.0
        D:3 |     155 |       0 |   0.0 |      11 |       0 |   0.0
        D:4 |      36 |       0 |   0.0 |       1 |       0 |   0.0
            +---------+---------+-------+---------+---------+-------
